[Event "Titled Tuesday Blitz December 14 2021"]
[White "Samsonkin, Artiom"]
[Black "Florescu, Codrut-Constantin"]
[WhiteFideId "13503111"]
[BlackFideId "1202200"]
[WhiteElo "2513"]
[BlackElo "2243"]
[Result "1-0"]
[Round "03"]
[TimeControl "180+1"]
[Date "2021.12.15"]
[WhiteClock "0:00:09"]
[BlackClock "0:00:01"]

1. e4 c5 2. Nf3 e6 3. Nc3 a6 4. d4 cxd4 5. Nxd4 Qc7 6. Bd3 Nf6 7. Qe2 h5 8. e5 Ng4 9. Nf3 Nc6 10. Bf4 Bb4 11. h3 Nh6 12. O-O Bxc3 13. bxc3 Nf5 14. Rad1 b5 15. Bxf5 exf5 16. e6 Qxf4 17. exd7+ Kd8 18. dxc8=Q+ Kxc8 19. Nd4 Na5 20. Rd3 Ra7 21. Rfd1 Rc7 22. g3 Qg5 23. Qf3 Kb8 24. Nxf5 h4 25. g4 Nb7 26. Rd7 Rhc8 27. Rxc7 Rxc7 28. Re1 Qd8 29. Nxg7 Qd2 30. Re8+ Ka7 31. Qe3+ Qxe3 32. Rxe3 Nd6 33. Kg2 Kb6 34. Nf5 Nxf5 35. gxf5 Ka5 36. Kf3 Ka4 37. Kg4 Ka3 38. Kxh4 Kxa2 39. Kg5 a5 40. Re5 a4 41. Rxb5 Rxc3 42. h4 Rxc2 43. h5 Rxf2 44. h6 Rh2 45. Rb7 a3 46. Rxf7 Kb1 47. Rb7+ Kc1 48. Ra7 Kb2 49. h7 a2 50. Kg6 a1=Q 51. Rxa1 Kxa1 52. f6 Rg2+ 53. Kf5 Rh2 54. f7 Rf2+ 55. Ke6 Re2+ 56. Kd5 Rd2+ 57. Kc4 Rc2+ 58. Kd5 Rd2+ 59. Ke6 Re2+ 60. Kf6 Rf2+ 61. Ke7 Re2+ 62. Kd8 Rd2+ 63. Ke8 Re2+ 64. Kf8 Rh2 65. Kg7 Rg2+ 66. Kh6 Rh2+ 67. Kg6 Rg2+ 68. Kf5 Rf2+ 69. Kg4 Rxf7 70. h8=Q+ Kb1 71. Qh1+ Kc2 72. Qe4+ Kc3 73. Qe5+ Kb4 74. Qd6+ Kc3 75. Qc5+ 1-0


[Site "https://www.chess.com"]

[Event "Titled Tuesday Blitz December 14 2021"]
[White "Secheres, Adrian-Simion"]
[Black "Urazayev, Arystanbek"]
[WhiteFideId "1217445"]
[BlackFideId "13709810"]
[WhiteElo "2276"]
[BlackElo "2321"]
[Result "1-0"]
[Round "03"]
[TimeControl "180+1"]
[Date "2021.12.14"]
[WhiteClock "0:00:10"]
[BlackClock "0:00:01"]

1. d4 Nf6 2. c4 g6 3. Nc3 Bg7 4. e4 d6 5. Be2 O-O 6. Bg5 c5 7. d5 e6 8. Qd2 exd5 9. exd5 Qb6 10. Rd1 Re8 11. f3 Nbd7 12. Kf1 Ne5 13. g4 a6 14. Nh3 h5 15. Bxf6 Bxf6 16. Nf2 hxg4 17. fxg4 Qb4 18. Nce4 Be7 19. Qxb4 cxb4 20. c5 dxc5 21. d6 Bh4 22. Nxc5 Nd7 23. Nfe4 b6 24. Nxd7 Rxe4 25. Nxb6 Rf4+ 26. Kg2 Bb7+ 27. Kh3 Bxh1 28. Kxh4 Rd8 29. Rxh1 Rxd6 30. Nc4 Re6 31. Bd3 Rd4 32. Rd1 Rf6 33. b3 Rf2 34. Kg3 Rxa2 35. Ne5 Rd5 36. Re1 Raa5 37. Kf4 Kg7 38. Bc4 g5+ 39. Kf5 Rdc5 40. Bxf7 Rc2 41. Bc4 Rxh2 42. Kxg5 Rf2 43. Re4 Ra1 44. Nd3 Rd2 45. Re7+ Kf8 46. Rf7+ Ke8 47. Nxb4 a5 48. Nc6 a4 49. Re7+ Kf8 50. Rf7+ Ke8 51. Rf3 1-0


[Site "https://www.chess.com"]

[Event "Titled Tuesday Blitz December 14 2021"]
[White "Suvorov, Alexander"]
[Black "Idnani, Taran"]
[WhiteFideId "12977063"]
[BlackFideId "2071002"]
[WhiteElo "2221"]
[BlackElo "2414"]
[Result "1-0"]
[Round "03"]
[TimeControl "180+1"]
[Date "2021.12.15"]
[WhiteClock "0:00:08"]
[BlackClock "0:00:05"]

1. d4 Nf6 2. Bg5 d5 3. Bxf6 exf6 4. e3 g6 5. g3 Bg7 6. Bg2 c6 7. Ne2 O-O 8. O-O Nd7 9. b3 f5 10. c4 Nf6 11. Nbc3 Ne4 12. Qd3 Be6 13. cxd5 cxd5 14. Rfc1 Rc8 15. Na4 Bd7 16. Nf4 Bxa4 17. bxa4 Qa5 18. Bxe4 dxe4 19. Qb3 b6 20. h4 Rfd8 21. Rc4 Qd2 22. Rd1 Qxd1+ 23. Qxd1 Rxc4 24. Qb3 Rdc8 25. Qb5 Rc2 26. Qd7 R2c7 27. Qb5 Rd8 28. Kg2 Bh6 29. Nd5 Rc2 30. Qb3 Rc1 31. Nb4 Bf8 32. Nd5 Rdc8 33. Nf6+ Kg7 34. Nd7 Bd6 35. d5 R1c2 36. Qb5 R8c7 37. a5 bxa5 38. a4 a6 39. Qb3 R2c3 40. Qb2 Kg8 41. Nf6+ Kf8 42. Nxh7+ Kg7 43. Ng5 Be5 44. Qb6 Rd3 45. h5 Rxd5 46. Nxf7 Rxf7 47. Qxg6+ Kf8 48. Qxa6 Rfd7 49. h6 Rd2 50. Qg6 Bh8 51. Qxf5+ Rf7 52. Qxe4 Rfxf2+ 53. Kh3 Rh2+ 54. Kg4 Rxh6 55. Qa8+ Kg7 56. Qxa5 Rdd6 57. Qe5+ Kf7 58. Qf5+ Rdf6 59. Qd7+ Kf8 60. e4 Ra6 61. a5 Rhe6 62. Kf3 Be5 63. g4 Rf6+ 64. Ke3 Rfe6 65. g5 Kg8 66. Kf3 Kf8 67. Kg4 Re7 68. Qc8+ Kf7 69. Qxa6 Bc7 70. Kf5 Re5+ 71. Kg4 Bxa5 72. Qf6+ 1-0


[Site "https://www.chess.com"]

[Event "Titled Tuesday Blitz December 14 2021"]
[White "Svane, Frederik"]
[Black "Bonte, Andrei-Mihai"]
[WhiteFideId "12923044"]
[BlackFideId "1210297"]
[WhiteElo "2459"]
[BlackElo "2204"]
[Result "1-0"]
[Round "03"]
[TimeControl "180+1"]
[Date "2021.12.15"]
[WhiteClock "0:00:57"]
[BlackClock "0:00:05"]

1. e4 c6 2. Nf3 d5 3. exd5 cxd5 4. d4 Nc6 5. c3 Bg4 6. h3 Bxf3 7. Qxf3 e6 8. Bd3 Nf6 9. O-O Be7 10. Qe2 O-O 11. Bf4 h6 12. Nd2 Bd6 13. Be3 Re8 14. Nf3 Qc7 15. Rfe1 a6 16. a4 Rad8 17. Rad1 Na5 18. Ne5 Bxe5 19. dxe5 Qxe5 20. Bb6 Qxe2 21. Rxe2 Nc6 22. Bxd8 Rxd8 23. Bc2 Kf8 24. g4 g5 25. Kg2 Ne7 26. Kg3 Kg7 27. h4 Rc8 28. f4 Rc4 29. Rd4 Rxd4 30. cxd4 gxh4+ 31. Kxh4 Nc6 32. Rd2 Ne4 33. Bxe4 dxe4 34. Kg3 f5 35. gxf5 exf5 36. d5 Nd8 37. Kf2 Kf6 38. Ke3 Nf7 39. d6 Ke6 40. d7 Ke7 41. Rd5 h5 42. Rxf5 Nd8 43. Rxh5 Kxd7 44. Rd5+ Kc7 45. Rxd8 Kxd8 46. Kxe4 Kc7 47. Ke5 1-0


[Site "https://www.chess.com"]

[Event "Titled Tuesday Blitz December 14 2021"]
[White "Svane, Rasmus"]
[Black "Sipila, Vilka"]
[WhiteFideId "4657101"]
[BlackFideId "505455"]
[WhiteElo "2643"]
[BlackElo "2334"]
[Result "0-1"]
[Round "03"]
[TimeControl "180+1"]
[Date "2021.12.14"]
[WhiteClock "0:00:04"]
[BlackClock "0:00:09"]

1. Nf3 f5 2. d3 Nc6 3. e4 e5 4. d4 fxe4 5. Nxe5 Nf6 6. Bc4 d5 7. Bb5 Bd7 8. c4 dxc4 9. Bxc4 Bb4+ 10. Nc3 Qe7 11. Nxd7 Qxd7 12. Be3 O-O-O 13. a3 Ba5 14. Qa4 Nxd4 15. Qxa5 Nc2+ 16. Kf1 Ng4 17. Rd1 Ncxe3+ 18. fxe3 Nxe3+ 19. Kf2 Nxc4 20. Rxd7 Nxa5 21. Rxd8+ Rxd8 22. Nxe4 Nc4 23. Rb1 Nd2 24. Nxd2 Rxd2+ 25. Kf3 Kd7 26. b4 Rd3+ 27. Ke4 Rxa3 28. Rf1 Ke7 29. Kd5 c6+ 30. Kc5 Rc3+ 31. Kd4 Rc2 32. Re1+ Kd7 33. Rf1 Rxg2 34. Rf7+ Kc8 35. h3 Rg5 36. h4 Rd5+ 37. Kc4 Rd7 38. Rf8+ Kc7 39. h5 h6 40. Rg8 Kb6 41. Rf8 Rd5 42. Rg8 Rxh5 43. Rxg7 Rg5 44. Rh7 h5 45. Kd4 Rg4+ 46. Kc3 h4 47. Kb3 Ka6 48. Kc3 b6 49. Rh5 Rf4 50. Kb3 Rf3+ 51. Kc4 h3 52. Kd4 Rg3 53. Kc4 Ra3 54. Kd4 Ra4 55. Kc3 Ra3+ 56. Kc4 Rg3 57. Kd4 Kb7 58. Kc4 Kb8 59. Rh7 a5 60. bxa5 bxa5 61. Kc5 a4 62. Kb6 Rb3+ 63. Kxc6 a3 64. Rh8+ Ka7 65. Rh7+ Ka6 66. Rh8 Ka5 67. Kc5 Rc3+ 68. Kd4 Rg3 69. Kc4 Kb6 70. Rh6+ Kc7 71. Rh7+ Kd6 72. Ra7 Ke5 73. Ra5+ Kf4 74. Ra8 h2 75. Rh8 a2 76. Rh4+ Kg5 77. Rxh2 a1=Q 0-1


[Site "https://www.chess.com"]

[Event "Titled Tuesday Blitz December 14 2021"]
[White "Tari, Aryan"]
[Black "Talibov, Shiroghlan"]
[WhiteFideId "1510045"]
[BlackFideId "13429078"]
[WhiteElo "2656"]
[BlackElo "2073"]
[Result "1-0"]
[Round "03"]
[TimeControl "180+1"]
[Date "2021.12.14"]
[WhiteClock "0:00:13"]
[BlackClock "0:00:01"]

1. e4 c6 2. d4 d5 3. exd5 cxd5 4. Nf3 Nf6 5. Ne5 a6 6. c3 g6 7. Bd3 Bg7 8. O-O O-O 9. Re1 Nc6 10. Nxc6 bxc6 11. Nd2 Bf5 12. Bxf5 gxf5 13. Nb3 e6 14. Nc5 Ne4 15. Nd3 Rc8 16. f3 Nd6 17. Bf4 Nb7 18. b4 Nd6 19. a4 Nc4 20. a5 Kh8 21. Nc5 Ra8 22. Qc2 Bf6 23. Kh1 Rg8 24. Re2 Be7 25. Nd3 Bf6 26. Rg1 Bg5 27. Qc1 Rg6 28. Bxg5 Rxg5 29. Qf4 Qf6 30. g4 Qh6 31. Reg2 Qh4 32. Ne5 Nd6 33. Nxc6 Ne8 34. Qe5+ f6 35. Qxe6 fxg4 36. Rxg4 Ng7 37. Qe7 Qh3 38. Qxf6 Rxg4 39. Rxg4 Rg8 40. Ne7 Qf1+ 41. Rg1 Qd3 1-0


[Site "https://www.chess.com"]

[Event "Titled Tuesday Blitz December 14 2021"]
[White "Timofeev, Artyom"]
[Black "Panesar Vedant"]
[WhiteFideId "4140419"]
[BlackFideId "35033018"]
[WhiteElo "2628"]
[BlackElo "1971"]
[Result "1-0"]
[Round "03"]
[TimeControl "180+1"]
[Date "2021.12.14"]
[WhiteClock "0:00:08"]
[BlackClock "0:00:19"]

1. c4 Nf6 2. Nc3 e5 3. e3 Nc6 4. d3 Bb4 5. Bd2 O-O 6. Nf3 Bxc3 7. Bxc3 Qe7 8. Be2 d5 9. cxd5 Nxd5 10. O-O Rd8 11. Qc2 Bg4 12. a3 Rd7 13. h3 Bh5 14. Bd2 Bg6 15. Rfd1 Rad8 16. Be1 Nb6 17. b4 a6 18. Qb3 Qe6 19. Qxe6 fxe6 20. Ng5 Bxd3 21. Rxd3 Rxd3 22. Nxe6 R3d6 23. Nxd8 Nxd8 24. Bc3 Nf7 25. Bf3 c6 26. Be4 Nd5 27. Be1 Nf6 28. Bc2 Nd8 29. Bc3 Nf7 30. Kf1 Kf8 31. Ke2 Ke8 32. Bb3 Nd5 33. Bb2 Ke7 34. g3 Rd8 35. e4 Nf6 36. Ke3 Ng5 37. Bc2 Nf7 38. f3 Nd6 39. Bd3 Nf7 40. a4 h5 41. h4 g6 42. Bc3 Kf8 43. Rb1 Ke7 44. b5 axb5 45. axb5 c5 46. b6 Nd7 47. Bc4 Ra8 48. Bd5 Ra3 49. Kd2 Ra6 50. Bxb7 Rxb6 51. Rxb6 Nxb6 52. Kd3 Nd6 53. Bc6 c4+ 54. Kc2 Ke6 55. Bb4 Nbc8 56. Bd5+ Kd7 57. Kc3 Nb6 58. Bxd6 Kxd6 59. Bxc4 Ke7 60. Kb4 Kf6 61. Kc5 Nd7+ 62. Kd6 Nf8 63. f4 exf4 64. gxf4 Nh7 65. Bd3 Kf7 66. e5 Nf8 67. Bc4+ Kg7 68. e6 Nh7 69. e7 Nf6 70. Ke6 Ne8 71. Bb3 Kh6 72. Ba4 Nc7+ 73. Kf7 Kh7 74. e8=Q Nxe8 75. Bxe8 Kh6 76. Kf6 Kh7 77. Bxg6+ Kh6 78. Bxh5 Kh7 79. f5 Kh6 80. Ke6 Kh7 81. f6 Kh6 82. f7 Kg7 83. Ke7 Kh7 84. Bg6+ Kg7 85. f8=Q+ 1-0


[Site "https://www.chess.com"]

[Event "Titled Tuesday Blitz December 14 2021"]
[White "Tsvetkov, Andrey"]
[Black "Le, Tuan Minh"]
[WhiteFideId "34139360"]
[BlackFideId "12401153"]
[WhiteElo "2280"]
[BlackElo "2450"]
[Result "0-1"]
[Round "03"]
[TimeControl "180+1"]
[Date "2021.12.14"]
[WhiteClock "0:00:10"]
[BlackClock "0:00:43"]

1. d4 d5 2. c4 c6 3. Nc3 Nf6 4. e3 a6 5. Bd3 Bg4 6. Nge2 e6 7. Qc2 Bh5 8. Nf4 Bg6 9. Nxg6 hxg6 10. h3 Nbd7 11. Bd2 dxc4 12. Bxc4 b5 13. Bd3 c5 14. O-O Be7 15. Rfd1 cxd4 16. exd4 Nb6 17. Ne4 O-O 18. Ba5 Qb8 19. Nc5 Nbd5 20. Rac1 Rc8 21. Qd2 Qf4 22. Qxf4 Nxf4 23. Bf1 Bd8 24. Bd2 N4d5 25. a4 bxa4 26. Nxa4 Rcb8 27. Nc5 Rxb2 28. Bxa6 Bb6 29. Bf1 Raa2 30. Be1 Ba5 31. Bxa5 Rxa5 32. Rb1 Rxb1 33. Rxb1 Ra8 34. Rb7 Ne8 35. g3 Nd6 36. Rd7 Nf5 37. Bc4 Nb6 38. Rb7 Nxc4 0-1


[Site "https://www.chess.com"]

[Event "Titled Tuesday Blitz December 14 2021"]
[White "Tsydypov, Zhamsaran"]
[Black "Aradhya, Garg"]
[WhiteFideId "4108566"]
[BlackFideId "25006746"]
[WhiteElo "2614"]
[BlackElo "2176"]
[Result "1-0"]
[Round "03"]
[TimeControl "180+1"]
[Date "2021.12.14"]
[WhiteClock "0:00:22"]
[BlackClock "0:00:14"]

1. d4 d5 2. Nf3 Nf6 3. c4 e6 4. g3 Nc6 5. b3 a5 6. Bb2 a4 7. c5 axb3 8. axb3 Rxa1 9. Bxa1 e5 10. Nxe5 Nxe5 11. dxe5 Ne4 12. b4 b6 13. Bg2 bxc5 14. Bxe4 dxe4 15. Qxd8+ Kxd8 16. b5 Be6 17. O-O c6 18. bxc6 Kc7 19. Nc3 e3 20. f4 g6 21. Nd1 c4 22. Bd4 Bb4 23. Nxe3 Rd8 24. Rb1 Rxd4 25. Rxb4 Kxc6 26. Kf2 Kc5 27. Rb7 Rd7 28. Rb1 c3 29. Ke1 Ra7 30. Rc1 Kd4 31. Nc2+ Kc4 32. Kf2 Ra2 33. Ke3 Kb3 34. Nd4+ Kc4 35. Nxe6 fxe6 36. g4 c2 37. Kd2 Kb3 38. e4 Ra4 39. Kd3 Rc4 40. f5 exf5 41. gxf5 gxf5 42. exf5 Rc5 43. f6 Rxe5 44. Rxc2 Re6 45. Rf2 Re8 46. f7 Rf8 47. Kd4 Kb4 48. Kd5 Kb5 49. Ke6 Kc6 50. Ke7 Rxf7+ 51. Kxf7 Kd5 52. h4 Ke4 53. h5 Ke3 54. Rf6 Ke4 55. h6 Ke5 56. Kg7 Kd5 57. Rf8 Ke5 58. Rh8 Ke6 59. Rxh7 Ke7 60. Rh8 Ke6 61. Rf8 Ke5 62. h7 Kd6 63. h8=Q Ke7 64. Rf6 Kd7 65. Kg6 Ke7 66. Qg7+ Ke8 67. Rf8# 1-0


[Site "https://www.chess.com"]

[Event "Titled Tuesday Blitz December 14 2021"]
[White "Urquhart, Ed"]
[Black "Horobetz, Graham"]
[WhiteFideId "2603748"]
[BlackFideId "2047322"]
[WhiteElo "2184"]
[BlackElo "2626"]
[Result "1-0"]
[Round "03"]
[TimeControl "180+1"]
[Date "2021.12.15"]
[WhiteClock "0:00:19"]
[BlackClock "0:00:03"]

1. e4 c5 2. Nc3 d6 3. f4 g6 4. Nf3 Bg7 5. Bc4 Nc6 6. d3 e6 7. O-O Nge7 8. Qe1 Nd4 9. Nxd4 cxd4 10. Nd1 d5 11. Bb3 dxe4 12. dxe4 O-O 13. Nf2 b6 14. Nd3 Nc6 15. Bd2 Kh8 16. Qg3 f5 17. Rae1 Na5 18. Bxa5 bxa5 19. Ne5 Bxe5 20. fxe5 Ba6 21. Rf4 Qb6 22. Kh1 a4 23. Rh4 axb3 24. Qxg6 Qc7 25. cxb3 Qg7 26. Qxe6 fxe4 27. Rhxe4 Rae8 28. Qxa6 Rf2 29. Rg1 Rg8 30. Ree1 Rxg2 31. Qf6 Rxg1+ 32. Rxg1 Qxf6 33. exf6 Rf8 34. Rg4 Rd8 35. Rg2 d3 36. Rd2 Kg8 37. Kg2 Kf7 38. Kf3 Kxf6 39. Ke4 Ke6 40. Rxd3 Rg8 41. Rg3 Rc8 42. Kd4 Rd8+ 43. Kc4 Rc8+ 44. Kb5 Rc2 45. a4 Rxb2 46. h3 h5 47. Rd3 Ke5 48. b4 Ke4 49. Rc3 Kd4 50. Rg3 Ke4 51. a5 a6+ 52. Kc5 Rc2+ 53. Kb6 Rb2 54. Kxa6 Rxb4 55. Rg5 Kf4 56. Rxh5 Kg3 57. Rh7 Rb8 58. Ka7 Rb5 59. a6 Kf4 60. Re7 Kf5 61. h4 Kf6 62. Re2 Rb4 63. Rh2 Kg6 64. h5+ Kh6 65. Ka8 Rb5 66. a7 Rb4 67. Rc2 Kxh5 68. Rc7 Kg6 69. Rb7 Rd4 70. Kb8 Rd8+ 71. Kc7 Ra8 72. Kb6 1-0


[Site "https://www.chess.com"]

[Event "Titled Tuesday Blitz December 14 2021"]
[White "Vachier-Lagrave, Maxime"]
[Black "Shkapenko, Pavel"]
[WhiteFideId "623539"]
[BlackFideId "4151933"]
[WhiteElo "2787"]
[BlackElo "2386"]
[Result "1-0"]
[Round "03"]
[TimeControl "180+1"]
[Date "2021.12.14"]
[WhiteClock "0:00:25"]
[BlackClock "0:00:13"]

1. c4 e6 2. Nf3 Nf6 3. Nc3 Bb4 4. Qb3 Qe7 5. a3 Bxc3 6. Qxc3 O-O 7. b4 b6 8. Bb2 Bb7 9. d3 c5 10. e3 d6 11. Be2 a5 12. bxc5 bxc5 13. O-O Nc6 14. Rfb1 Rfb8 15. Qe1 Bc8 16. Bc3 Qc7 17. Bxf6 gxf6 18. Qc3 Kg7 19. Nd2 Rxb1+ 20. Rxb1 Rb8 21. Rf1 Qb6 22. Ne4 Qb2 23. Qxb2 Rxb2 24. Re1 Ba6 25. Nxd6 Rb3 26. Ra1 f5 27. Ne8+ Kf8 28. Nc7 Bb7 29. f4 e5 30. g3 exf4 31. gxf4 Nd8 32. Kf2 Ne6 33. Nd5 Rb2 34. Ke1 Bxd5 35. cxd5 Nc7 36. Bf3 Nb5 37. Rc1 Rxh2 38. Rxc5 Nd6 39. Rxa5 Rh3 40. Kf2 Rh2+ 41. Bg2 Rh6 42. a4 Rg6 43. Rc5 h5 44. a5 Nb7 45. Rb5 Nd6 46. Rb8+ Kg7 47. a6 1-0


[Site "https://www.chess.com"]

[Event "Titled Tuesday Blitz December 14 2021"]
[White "Vidit, Santosh Gujrathi"]
[Black "Gabrielian, Artur"]
[WhiteFideId "5029465"]
[BlackFideId "4131002"]
[WhiteElo "2628"]
[BlackElo "2440"]
[Result "1/2-1/2"]
[Round "03"]
[TimeControl "180+1"]
[Date "2021.12.14"]
[WhiteClock "0:00:02"]
[BlackClock "0:00:12"]

1. e4 c5 2. Nf3 d6 3. d4 cxd4 4. Nxd4 Nf6 5. Nc3 Nc6 6. Bg5 e6 7. Qd2 a6 8. O-O-O Bd7 9. f3 Nxd4 10. Qxd4 h6 11. Be3 Bc6 12. Kb1 d5 13. e5 Nd7 14. f4 Bc5 15. Qd2 Bxe3 16. Qxe3 Qb6 17. Qxb6 Nxb6 18. Bd3 Nd7 19. Ne2 g5 20. g3 gxf4 21. gxf4 Ke7 22. Rhg1 Rhg8 23. Rg3 f6 24. exf6+ Kxf6 25. Rh3 Ke7 26. Nd4 Raf8 27. Rxh6 Rf6 28. Rxf6 Kxf6 29. Re1 Nc5 30. b4 Nxd3 31. Rxe6+ Kf7 32. cxd3 Rg4 33. Re5 Rxf4 34. Rf5+ Rxf5 35. Nxf5 Kf6 36. Nd4 Be8 37. Kc2 b6 38. Kd2 a5 39. bxa5 bxa5 40. Ke3 Ke5 41. h4 a4 42. Ne2 a3 43. Nd4 Ba4 44. h5 Kf6 45. Kf4 Bd1 46. h6 Kg6 47. Ke5 Kxh6 48. Kxd5 Kg7 49. Kc4 Kf6 50. Kb4 Ke5 51. Nb3 Bc2 52. d4+ Kd5 53. Kxa3 Kc4 54. Kb2 Bd1 55. Ka3 Bc2 56. Ka4 Bd1 57. Ka5 Bc2 58. Kb6 Bd1 59. Kc6 Bf3+ 60. Kd6 Bg2 61. Ke5 Bh1 62. Nd2+ Kd3 63. Nb1 Kc4 64. a4 Kb4 65. d5 Bxd5 66. Kxd5 Kxa4 1/2-1/2


[Site "https://www.chess.com"]

[Event "Titled Tuesday Blitz December 14 2021"]
[White "Visakh N R"]
[Black "Skatchkov, Valery"]
[WhiteFideId "25012223"]
[BlackFideId "24195812"]
[WhiteElo "2454"]
[BlackElo "2195"]
[Result "0-1"]
[Round "03"]
[TimeControl "180+1"]
[Date "2021.12.14"]
[WhiteClock "0:01:33"]
[BlackClock "0:00:59"]

1. e4 e5 2. Nf3 Nf6 3. Nxe5 d6 4. Nc4 Nxe4 5. Qe2 Qe7 6. Ne3 Nc6 7. Nd5 Nd4 8. Qc4 Nc3+ 9. Be2 Nxc2+ 10. Kf1 Qxe2+ 11. Qxe2+ Nxe2 12. Kxe2 Kd8 13. d3 Nxa1 14. Na3 Be6 15. Bg5+ f6 16. Nxf6 h6 17. Bh4 Be7 0-1


[Site "https://www.chess.com"]

[Event "Titled Tuesday Blitz December 14 2021"]
[White "Yeremyan, Alen"]
[Black "Babazada, Khazar"]
[WhiteFideId "13308998"]
[BlackFideId "13413554"]
[WhiteElo "2158"]
[BlackElo "2302"]
[Result "1-0"]
[Round "03"]
[TimeControl "180+1"]
[Date "2021.12.14"]
[WhiteClock "0:00:59"]
[BlackClock "0:00:33"]

1. e4 Nf6 2. e5 Nd5 3. d4 Nb6 4. c4 d6 5. f4 dxe5 6. fxe5 Bf5 7. Nc3 e6 8. Be3 Be7 9. Nf3 O-O 10. Be2 f6 11. O-O Nc6 12. Nh4 fxe5 13. Nxf5 exf5 14. d5 Nd4 15. Bxd4 exd4 16. Qxd4 Nd7 17. Kh1 Bc5 18. Qd2 Qh4 19. Qf4 Qxf4 20. Rxf4 Rae8 21. Bd3 g6 22. Rff1 Ne5 23. Be2 Bd4 24. Nb5 Bb6 25. c5 Bxc5 26. Nxc7 Rc8 27. Ne6 Rfe8 28. Bb5 Red8 29. Nxd8 Rxd8 30. Rfe1 Ng4 31. g3 Kf7 32. Rac1 Bd6 33. Kg2 h5 34. a3 Ne5 35. Rc3 h4 36. Rec1 a6 37. Ba4 b5 38. Bb3 Kf6 39. Rc8 Rd7 40. Re8 Nd3 41. Re6+ Kf7 42. Rc6 1-0


[Site "https://www.chess.com"]

[Event "Titled Tuesday Blitz December 14 2021"]
[White "Zierk, Steven"]
[Black "Cunha, Lucas Aguiar"]
[WhiteFideId "2034255"]
[BlackFideId "2125404"]
[WhiteElo "2494"]
[BlackElo "2361"]
[Result "0-1"]
[Round "03"]
[TimeControl "180+1"]
[Date "2021.12.14"]
[WhiteClock "0:00:08"]
[BlackClock "0:01:12"]

1. e4 c5 2. Nf3 e6 3. d4 cxd4 4. Nxd4 Nc6 5. Nc3 Qc7 6. Be3 a6 7. Qf3 Nf6 8. O-O-O Nxd4 9. Bxd4 e5 10. Qg3 d6 11. Be3 h6 12. Be2 Be6 13. f4 Rc8 14. Rd2 Qa5 15. Bf3 Rxc3 16. bxc3 Qxa2 17. Kd1 Qa1+ 18. Ke2 Bc4+ 19. Kf2 Qxh1 20. Qh3 Qf1+ 21. Kg3 Qe1+ 22. Bf2 Qxd2 23. Qc8+ Ke7 24. Qxc4 exf4+ 25. Kh3 Qxf2 26. Qc7+ Nd7 27. Bg4 Qe3+ 28. g3 g5 29. Qxd7+ Kf6 30. Qf5+ Kg7 31. Bh5 Rg8 32. Bxf7 Kh8 33. Bxg8 Kxg8 34. Qe6+ Kh8 35. Qe8 Kg7 36. Qd7+ Kg8 37. Qe6+ Kh8 38. Qc8 g4+ 39. Kh4 Kg8 40. Qe6+ Kg7 41. Qd7+ Kh8 42. Qe8 Kg7 43. Qd7+ Kf6 44. Qf5+ Ke7 45. gxf4 Qxc3 46. Qd5 Qf6+ 47. Kg3 Qe6 48. Qxb7+ Kf6 49. Qa8 Kg7 50. Qb7+ Kg8 51. f5 Qf7 52. Qxa6 h5 53. Qc8 Kh7 54. Qd8 Be7 55. Qa5 Bf6 56. Qb6 Be5+ 57. Kg2 h4 58. h3 gxh3+ 59. Kxh3 Qg7 60. Kxh4 Qg3+ 61. Kh5 Qh3+ 62. Kg5 Qg3+ 63. Kh5 Qf3+ 64. Kg5 Bf4+ 65. Kh4 Qg3+ 66. Kh5 Qg5# 0-1


[Site "https://www.chess.com"]

[Event "Titled Tuesday Blitz December 14 2021"]
[White "Acor, Corey"]
[Black "Tari, Aryan"]
[WhiteFideId "2024861"]
[BlackFideId "1510045"]
[WhiteElo "2772"]
[BlackElo "2935"]
[Result "0-1"]
[Round "04"]
[TimeControl "180+1"]
[Date "2021.12.14"]
[WhiteClock "0:00:19"]
[BlackClock "0:00:17"]

1. e4 e5 2. Nf3 Nc6 3. Bc4 Nf6 4. Ng5 d5 5. exd5 Na5 6. Bb5+ c6 7. dxc6 bxc6 8. Be2 h6 9. Nf3 e4 10. Ne5 Bd6 11. d4 exd3 12. Nxd3 O-O 13. O-O Bf5 14. b3 c5 15. Bb2 Nc6 16. Bf3 Rc8 17. Nd2 Nd4 18. Bxd4 cxd4 19. Nc4 Bb8 20. g3 Ne4 21. Re1 Nc3 22. Qd2 Be6 23. Nde5 Qf6 24. Bg2 Rfd8 25. Nc6 Rxc6 26. Bxc6 Bxc4 27. Bg2 Be6 28. b4 Bd6 29. a3 Bc4 30. f4 g6 31. Qf2 h5 32. Bf1 Bd5 33. b5 Bc5 34. Bd3 Ba8 35. Re5 Bd6 36. Ree1 Bc7 37. a4 Qd6 38. Re5 Qd7 39. Rg5 Bb6 40. a5 Qb7 41. Qd2 Qh1+ 42. Kf2 Qxh2+ 43. Ke1 Re8+ 44. Re5 Rxe5+ 45. fxe5 Qg1+ 46. Bf1 Qxg3+ 47. Qf2 Qxe5+ 48. Kd2 Ne4+ 0-1


[Site "https://www.chess.com"]

[Event "Titled Tuesday Blitz December 14 2021"]
[White "Aggelis, Nikolaos"]
[Black "Khegay, Dmitriy"]
[WhiteFideId "4213220"]
[BlackFideId "24153729"]
[WhiteElo "2154"]
[BlackElo "2457"]
[Result "1-0"]
[Round "04"]
[TimeControl "180+1"]
[Date "2021.12.15"]
[WhiteClock "0:00:11"]
[BlackClock "0:00:08"]

1. d4 Nc6 2. d5 Ne5 3. Nf3 d6 4. Nxe5 dxe5 5. b3 e6 6. dxe6 Qxd1+ 7. Kxd1 Bxe6 8. Bb2 f6 9. e3 Nh6 10. h3 Nf7 11. Nd2 Bc5 12. Bc4 Ke7 13. Bxe6 Kxe6 14. Ke2 Nd6 15. Rhd1 a5 16. a4 h5 17. Ba3 Bxa3 18. Rxa3 Rad8 19. f3 g5 20. e4 g4 21. Raa1 Rhg8 22. hxg4 hxg4 23. Rg1 Rg7 24. Raf1 Rh8 25. Rh1 gxf3+ 26. gxf3 Rg2+ 27. Ke3 Rd8 28. Rf2 Rg7 29. Rfh2 f5 30. Rh6+ Kf7 31. Rh7 f4+ 32. Ke2 Rg8 33. Rxg7+ Rxg7 34. Kf2 Ke6 35. Rh6+ Kd7 36. Rh5 Re7 37. Ke2 Kc6 38. Kd3 Kc5 39. Nb1 c6 40. Nc3 Nf7 41. Ne2 b5 42. Nxf4 bxa4 43. bxa4 Kb4 44. Ng6 Re6 45. Nf8 Re8 46. Ng6 Re6 47. Nf8 Rf6 48. Nd7 Rxf3+ 49. Kd2 Nd6 50. Nxe5 Nxe4+ 51. Ke2 Rc3 52. Nd3+ Ka3 53. Ke3 Nd6 54. Kd4 Rc4+ 55. Ke5 Nb7 56. Rh7 Nc5 57. Kd6 Nxd3 58. cxd3 Rc3 59. Rh4 Kb3 60. d4 Rc4 61. Rh5 Kxa4 62. d5 cxd5 63. Kxd5 Kb4 64. Rh8 Rg4 65. Rb8+ Ka3 66. Kc5 a4 67. Rh8 Kb3 68. Rh3+ Kc2 69. Rh2+ Kc3 70. Rh3+ Kb2 71. Rh2+ Kc1 72. Rh1+ Kd2 73. Rh2+ Ke3 74. Rh3+ Kd2 75. Rh2+ Ke3 76. Rh3+ Kf2 77. Ra3 Ke2 78. Kb5 Kd2 79. Rxa4 Rb4+ 80. Rxb4 1-0


[Site "https://www.chess.com"]

[Event "Titled Tuesday Blitz December 14 2021"]
[White "Aradhya, Garg"]
[Black "Tokman, Ariel"]
[WhiteFideId "25006746"]
[BlackFideId "117420"]
[WhiteElo "2176"]
[BlackElo "2293"]
[Result "1/2-1/2"]
[Round "04"]
[TimeControl "180+1"]
[Date "2021.12.15"]
[WhiteClock "0:00:02"]
[BlackClock "0:00:02"]

1. d4 Nf6 2. c4 g6 3. g3 Bg7 4. Bg2 d5 5. cxd5 Nxd5 6. Nf3 O-O 7. O-O Nc6 8. e4 Nb6 9. d5 Na5 10. Qe1 Nac4 11. Nc3 c6 12. b3 Nd6 13. Bf4 cxd5 14. Rd1 d4 15. Nxd4 e5 16. Ndb5 exf4 17. Rxd6 Qe7 18. gxf4 a6 19. Rxb6 axb5 20. Rxb5 Qh4 21. f5 Bd7 22. Rxb7 Be5 23. f4 Qxe1 24. Rxe1 Bxc3 25. Rc1 Bd4+ 26. Kh1 Bc8 27. Rbc7 gxf5 28. exf5 Bxf5 29. Bxa8 Rxa8 30. Kg2 Rxa2+ 31. Kg3 Kg7 32. R7c4 Bf6 33. b4 Rb2 34. b5 Rxb5 35. Rc5 Rb3+ 36. Kg2 Kg6 37. R5c4 h5 38. h4 Rb2+ 39. Kf3 Rb3+ 40. Kf2 Bxh4+ 41. Kg2 Bf6 42. Kh2 Bg4 43. Rg1 Rb2+ 44. Rg2 Rxg2+ 45. Kxg2 Kf5 46. Kg3 Be7 47. Rd4 f6 48. Rd5+ Ke6 49. Ra5 f5 50. Kg2 Bd6 51. Kg3 Be7 52. Ra6+ Kf7 53. Ra5 h4+ 54. Kg2 Ke6 55. Kf2 Bd6 56. Ke3 h3 57. Ra2 Kd5 58. Rd2+ Ke6 59. Kf2 Bxf4 60. Rd3 Ke5 61. Kg1 Ke4 62. Ra3 h2+ 63. Kh1 Bf3+ 64. Rxf3 Be5 65. Rf1 f4 66. Rxf4+ Kxf4 67. Kxh2 1/2-1/2


[Site "https://www.chess.com"]